 Dungeon Crawl Stone Soup version 0.20.0-10-g0535bb4 (console) character file.

551 jeanjacques the Skirmisher (level 7, -15/64 HPs)
             Began as a Ghoul Artificer on June 5, 2017.
             Demolished by a gnoll
             ... wielding a +0 halberd
              (19 damage)
             ... on level 3 of the Dungeon.
             The game lasted 00:06:01 (643 turns).

jeanjacques the Skirmisher (Ghoul Artificer)         Turns: 643, Time: 00:06:02

Health: -15/64     AC:  4    Str: 18    XL:     7   Next: 29%
Magic:  9/9        EV:  8    Int:  6    God:
Gold:   109        SH:  0    Dex:  9    Spells: 6/6 levels left

rFire    . . .     SeeInvis .   a - +0 short sword (venom)
rCold    + . .     Gourm    .   (no shield)
rNeg     + + +     Faith    .   b - +1 leather armour
rPois    ∞         Spirit   .   (no helmet)
rElec    .         Reflect  .   (no cloak)
rCorr    .         Harm     +   (no gloves)
MR       .....                  (no boots)
Stlth    +.........             h - amulet of harm
Regen    0.0/turn               k - -3 ring of evasion (curse)
MPRegen  0.2/turn               (no ring)

@: rotting
A: rotting body, claws 1, carnivore 3, cold resistance 1, negative energy
resistance 3, inhibited regeneration, torment resistance, unbreathing
a: no special abilities


You were on level 3 of the Dungeon.
You were not hungry.

You visited 1 branch of the dungeon, and saw 7 of its levels.

You collected 109 gold pieces.

Inventory:

Hand Weapons
 a - a +0 short sword of venom (weapon)
 g - a +0 short sword
Missiles
 l - 4 curare-tipped needles
Armour
 b - a +1 leather armour (worn)
Jewellery
 h - an amulet of harm (around neck)
 k - a cursed -3 ring of evasion (left claw)
Wands
 c - a wand of flame (0/48)
 d - a wand of enslavement (13/24)
 e - a wand of random effects (17/48)
 m - a wand of lightning (8/15)
Scrolls
 n - a scroll of fog {unknown}
Potions
 i - a potion of brilliance {unknown}
 j - 2 potions of curing {unknown}
Comestibles
 f - 2 meat rations


   Skills:
 + Level 6.5 Fighting
 - Level 0.8 Short Blades
 - Level 1.7 Dodging
 - Level 1.1 Stealth
 - Level 5.0 Evocations


You had 6 spell levels left.
You didn't know any spells.

Dungeon Overview and Level Annotations

Branches:
Dungeon (7/15)             Temple (0/1) D:6

Altars:
Trog

Shops:
D:7 }}

Annotations:
D:3 Grinder


Innate Abilities, Weirdness & Mutations

Your body is rotting away.
You thrive on raw meat.
You are immune to poison.
You have sharp fingernails.
You are carnivorous and can eat meat at any time.
Your flesh is cold resistant. (rC+)
You are immune to negative energy. (rN+++)
You do not regenerate when monsters are visible.
You are immune to unholy pain and torment.
You can survive without breathing.


Message History

You hit the gnoll but do no damage.
The gnoll is poisoned.
The gnoll is severely wounded.
The gnoll hits you but does no damage.
You barely miss the gnoll.
The gnoll is severely wounded.
The gnoll hits you but does no damage.
You hit the gnoll.
The gnoll looks as sick as possible!
The gnoll is almost dead.
You kill the gnoll!
The rat bites you but does no damage.
You barely miss the gnoll. The gnoll hits you.
* * * LOW HITPOINT WARNING * * *
The gnoll barely misses you. The rat bites you.
* * * LOW HITPOINT WARNING * * *
Here: a gnoll The floor.
Unknown command.
The gnoll shouts!
The gnoll barely misses you.
Here: a gnoll The floor.
Evoke which item? (* to show all) (? for menu, Esc to quit)
Aiming: Enslavement
Aim: a gnoll, wielding a halberd (chance to defeat MR: 69%)
The gnoll is charmed.
This wand has 14 charges left.
The rat closely misses you.
The gnoll hits you from afar with a halberd!
* * * LOW HITPOINT WARNING * * *
The gnoll hits you from afar with a halberd.
* * * LOW HITPOINT WARNING * * *
Here: a gnoll, wielding a halberd The floor.
Unknown command.
Evoke which item? (* to show all) (? for menu, Esc to quit)
Aiming: Enslavement
Aim: a gnoll, wielding a halberd (chance to defeat MR: 69%)
The gnoll struggles to resist.
This wand has 13 charges left.
The rat bites you but does no damage.
The gnoll hits you from afar with a halberd!
You die...

....) ##.## #####.....
##...## #.........
##.....## #.........
###.......###K...?./g.
..............sr.g.#
#.......# #.......#
#.....# #..># #n.g#
##(## ##r########(#
#gg)..(....#
#########..# #<.# #..#
#..# #..# #..#


You could see 2 gnolls, a rat and a friendly gnoll.

Vanquished Creatures
  A phantom (D:4)
  3 ogres
  A scorpion (D:6)
  An orc wizard (D:4)
  4 worker ants
  A gnoll (D:3)
  An adder (D:4)
  2 oozes
  2 orcs (D:4)
  A giant cockroach (D:3)
  2 goblins (D:1)
  A hobgoblin (D:3)
  A kobold (D:3)
  A quokka (D:6)
  A bat (D:1)
23 creatures vanquished.

Vanquished Creatures (others)
  A wizard (D:4)
1 creature vanquished.

Grand Total: 24 creatures vanquished

Notes
Turn   | Place    | Note
-------+----------+-------------------------------------------
     0 | D:1      | jeanjacques the Ghoul Artificer began the quest for the Orb.
     0 | D:1      | Reached XP level 1. HP: 16/16 MP: 1/1
   164 | D:3      | Noticed Grinder
   169 | D:4      | Found a bloodstained altar of Trog.
   172 | D:4      | Noticed a wizard
   178 | D:4      | Killed a wizard
   180 | D:4      | Reached skill level 2 in Fighting
   180 | D:4      | Reached skill level 3 in Evocations
   180 | D:4      | Reached XP level 2. HP: 7/24 MP: 1/3
   197 | D:4      | Noticed an ogre
   204 | D:4      | Killed an ogre
   204 | D:4      | Reached skill level 3 in Fighting
   204 | D:4      | Reached XP level 3. HP: 31/31 MP: 2/4
   204 | D:4      | Reached XP level 4. HP: 38/38 MP: 2/5
   239 | D:4      | Reached skill level 4 in Evocations
   239 | D:4      | Reached XP level 5. HP: 38/46 MP: 5/7
   290 | D:5      | Entered Level 5 of the Dungeon
   295 | D:6      | Noticed an ogre
   298 | D:6      | Killed an ogre
   298 | D:6      | Reached skill level 4 in Fighting
   310 | D:6      | Reached XP level 6. HP: 7/53 MP: 8/8
   357 | D:7      | Found Muzid's Gadget Emporium.
   367 | D:7      | Found Hegooggehu's Gadget Boutique.
   453 | D:6      | Found a staircase to the Ecumenical Temple.
   491 | D:6      | Reached skill level 5 in Fighting
   534 | D:4      | Noticed a phantom
   537 | D:4      | Reached skill level 5 in Evocations
   557 | D:4      | Killed a phantom
   557 | D:4      | Reached XP level 7. HP: 25/62 MP: 9/9
   611 | D:4      | Reached skill level 6 in Fighting
   641 | D:3      | HP: 4/64 [gnoll/halberd (6)]
   643 | D:3      | Demolished by a gnoll

Skill      XL: |  1  2  3  4  5  6  7 |
---------------+----------------------+-----
Fighting       | 2 3 4 5 6 |  6.5
Evocations     | 3 4 5 |  5.0
Short Blades   | |  0.8
Dodging        | |  1.7
Stealth        | |  1.1

Action                   |  1- 3 |  4- 6 |  7- 9 || total
-------------------------+-------+-------+-------++-------
Melee: Short sword       |    12 |    46 |    11 ||    69
Evoke: Wand              |     6 |    24 |     6 ||    36
  Use: Scroll            |       |     3 |     1 ||     4
 Stab: Paralysed         |       |     9 |     3 ||    12
  Eat: Chunk             |     4 |    11 |       ||    15
Armor: Leather armour    |     2 |    14 |     6 ||    22
Dodge: Dodged            |     8 |    18 |     5 ||    31

Table legend:
 A = Turns spent in this place as a percentage of turns spent in the entire game.
 B = Non-inter-level travel turns spent in this place as a percentage of non-inter-level travel turns spent in the entire game.
 C = Inter-level travel turns spent in this place as a percentage of turns spent in this place.
 D = Turns resting spent in this place as a percentage of non-inter-level travel turns spent in this place.
 E = Turns spent auto-exploring this place as a percentage of non-inter-level travel turns spent in this place.
 F = Non-inter-level travel turns spent in this place divided by the number of levels of this place that you've seen.
                   A       B       C       D       E      F
               +-------+-------+-------+-------+-------+----------------------
         Total | 100.0 | 100.0 |   0.7 |   0.0 |   5.2 |  63.6
       Dungeon | 100.0 | 100.0 |   0.7 |   0.0 |   5.2 |  63.6
               +-------+-------+-------+-------+-------+----------------------

Table legend:
 A = Kills in this place as a percentage of kills in entire the game.
 B = Kills by you in this place as a percentage of kills by you in the entire game.
 C = Kills by friends in this place as a percentage of kills by friends in the entire game.
 D = Other kills in this place as a percentage of other kills in the entire game.
 E = Experience gained in this place as a percentage of experience gained in the entire game.
 F = Experience gained in this place divided by the number of levels of this place that you have seen.
                   A       B       C       D       E      F
               +-------+-------+-------+-------+-------+----------------------
         Total | 100.0 | 100.0 |  -nan |  -nan | 100.0 | 112.6
       Dungeon | 100.0 | 100.0 |  -nan |  -nan | 100.0 | 112.6
               +-------+-------+-------+-------+-------+----------------------

Vault maps used:
D:1:      sevenhm_arrival_forest_fort_small_6
D:2:      cheibrodos_fertilizer, chequers_ecumenical_altar_simple_redux,
          lexackson_kobold_supper
D:3:      uniq_grinder, uniq_crazy_yiuf_cottage, uniq_terence
D:4:      first_bread, grunt_ministairs_10, trog_wizard, uniq_natasha,
          uniq_menkaure, uniq_eustachio
D:5:      serial_shops, nicolae_shop_crystal
D:6:      minmay_temple_entry_glassed_door
D:7:      serial_shops, nicolae_shop_statue_plus, shop, shop, shop

Action                   |  1- 3 |  4- 6 |  7- 9 || total
-------------------------+-------+-------+-------++-------
Melee: Short sword       |    12 |    46 |    11 ||    69
Evoke: Wand              |     6 |    24 |     6 ||    36
  Use: Scroll            |       |     3 |     1 ||     4
 Stab: Paralysed         |       |     9 |     3 ||    12
  Eat: Chunk             |     4 |    11 |       ||    15
Armor: Leather armour    |     2 |    14 |     6 ||    22
Dodge: Dodged            |     8 |    18 |     5 ||    31
